 Dungeon Crawl Stone Soup version 0.26-a0-661-g406de6ba63 (webtiles) character file.

Game seed: 16841960891753542415

200 MrRokkomies the Charlatan (level 5, -5/41 HPs)
             Began as a Demonspawn Artificer on Oct 9, 2020.
             Blown up by Ijyb (15 damage)
             ... with a disintegration bolt
             ... on level 3 of the Dungeon.
             The game lasted 00:04:51 (3372 turns).

MrRokkomies the Charlatan (Demonspawn Artificer)    Turns: 3372, Time: 00:04:52

Health: -5/41      AC:  6    Str: 13    XL:     5   Next: 48%
Magic:  5/5        EV: 13    Int: 16    God:
Gold:   75         SH:  0    Dex: 13    Spells: 4/4 levels left

rFire    . . .     SeeInvis .   a - +2 spear (flame)
rCold    . . .     Faith    .   (no shield)
rNeg     . . .     Spirit   .   j - +0 leather armour
rPois    .         Reflect  .   o - +1 helmet {Int+3}
rElec    .         Harm     .   (no cloak)
rCorr    .         Rampage  .   (no gloves)
MR       .....                  (no boots)
Stlth    +.........             i - amulet of the acrobat
HPRegen  0.13/turn              (no ring)
MPRegen  0.09/turn              (no ring)

@: no status effects
A: hooves 2, sharp scales 1
a: no special abilities


You were on level 3 of the Dungeon.
You visited 1 branch of the dungeon, and saw 3 of its levels.

You collected 75 gold pieces.

Inventory:

Hand Weapons
 a - a +2 spear of flaming (weapon)
 b - a +0 hunting sling
Missiles
 f - 18 bolts
 m - 33 arrows
 q - 83 stones (quivered)
 t - 2 boomerangs
Armour
 j - a +0 leather armour (worn)
 o - a +1 helmet of intelligence (worn)
 p - a +0 leather armour
Jewellery
 i - an amulet of the acrobat (around neck)
 n - an uncursed amulet of guardian spirit {unknown}
Wands
 c - a wand of flame (12)
 d - a wand of enslavement (14)
 e - a wand of random effects (15)
Scrolls
 k - a scroll of remove curse
Potions
 g - a potion of haste
 h - a potion of might
 l - a potion of flight {unknown}
 s - a potion of heal wounds {unknown}


   Skills:
 * Level 3.5 Fighting
 - Level 1.7 Armour
 * Level 3.1 Dodging
 - Level 0.8 Stealth
 + Level 3.8 Evocations


You had 4 spell levels left.
You didn't know any spells.
Your spell library was empty.

Dungeon Overview and Level Annotations

Branches:
Dungeon (3/15)

Altars:
The Shining One

Annotations:
D:3 Ijyb


Innate Abilities, Weirdness & Mutations

You have hoof-like feet.
You are partially covered in razor-sharp scales. (AC +1, Slay +1)


Message History

You hit Ijyb. You burn Ijyb.
Ijyb is moderately wounded.
Ijyb screams, "Me kill you!" Ijyb misses you.
You barely miss Ijyb. You kick Ijyb, but do no damage.
Ijyb is moderately wounded.
Ijyb screams, "Me stronger than you!" Ijyb hits you but does no damage.
You hit Ijyb but do no damage.
Ijyb is moderately wounded.
Ijyb hits you but does no damage.
You closely miss Ijyb. You kick Ijyb, but do no damage.
Ijyb is moderately wounded.
Ijyb zaps a wand.
You are blasted!
Ouch! That really hurt!
* * * LOW HITPOINT WARNING * * *
You hit Ijyb but do no damage. Your kick misses Ijyb.
Ijyb is moderately wounded.
Ijyb zaps a wand.
You are blasted!
You die...

....g.# ###.....#
#####.#.#####.....#
.. ...g.......#####
### .##..#.##.#
#..#.##.#
#....##.####
##.#.......#
#..##.#..#.##.#
#..........##@####.#
..#.####..##.g......#
#.....#.######
##......# ########


You could see Ijyb.

Vanquished Creatures
  An orc priest (D:3)
  3 orc wizards (D:3)
  2 adders (D:2)
  4 worms
  2 dart slugs
  3 orcs (D:3)
  6 bats
  3 giant cockroaches
  8 goblins
  9 hobgoblins
  6 jackals
  4 kobolds
  A frilled lizard (D:1)
  3 rats
55 creatures vanquished.

Vanquished Creatures (collateral kills)
  3 orcs (D:3)
3 creatures vanquished.

Vanquished Creatures (others)
  An orc priest (D:3)
1 creature vanquished.

Grand Total: 59 creatures vanquished

Notes
Turn   | Place    | Note
-------+----------+-------------------------------------------
     0 | D:1      | MrRokkomies the Demonspawn Artificer began the quest for
                  | the Orb.
     0 | D:1      | Reached XP level 1. HP: 15/15 MP: 1/1
    52 | D:1      | Reached skill level 1 in Dodging
   254 | D:1      | Gained mutation: You have large cloven feet. [demonic
                  | ancestry]
   254 | D:1      | Reached XP level 2. HP: 12/21 MP: 2/2
  1055 | D:1      | Gained mutation: You have hoof-like feet. [demonic
                  | ancestry]
  1055 | D:1      | Reached XP level 3. HP: 25/27 MP: 3/3
  2338 | D:2      | Reached XP level 4. HP: 26/34 MP: 4/4
  2745 | D:3      | Found a glowing golden altar of the Shining One.
  2831 | D:3      | Gained mutation: You are partially covered in razor-sharp
                  | scales. (AC +1, Slay +1) [demonic ancestry]
  2831 | D:3      | Reached XP level 5. HP: 22/41 MP: 5/5
  3079 | D:3      | Noticed an orc warrior
  3349 | D:3      | Noticed Ijyb
  3372 | D:3      | Blown up by Ijyb

Illustrated notes

Levels and vault maps discovered:
D:1:      co_arrival_square_in_a_square_in_a_square, layout_rooms
D:2:      layout_basic
D:3:      layout_loops_cross, serial_bayou_lagoon_a, minmay_stone_trees_small,
          lemuel_statue_altar, uniq_ijyb

Skill      XL: |  1  2  3  4  5 |
---------------+----------------+-----
Dodging        | 1 2 3 |  3.1
Fighting       | 2 3 |  3.5
Armour         | |  1.7
Stealth        | |  0.8
Evocations     | |  3.8

Action                   |  1- 3 |  4- 6 || total
-------------------------+-------+-------++-------
Melee: Spear             |   157 |    50 ||   207
       Kick              |    22 |    13 ||    35
 Fire: Hunting sling     |    20 |       ||    20
Evoke: Wand              |       |     4 ||     4
  Use: Scroll            |       |     5 ||     5
       Potion            |       |     1 ||     1
 Stab: Sleeping          |       |     1 ||     1
Armor: Leather armour    |    33 |    10 ||    43
Dodge: Dodged            |   137 |    14 ||   151

Table legend: (Time is in decaauts)
 A = Elapsed time spent in this place.
 B = Non-inter-level travel time spent in this place.
 C = Inter-level travel time spent in this place.
 D = Time resting spent in this place.
 E = Time spent auto-exploring this place.
 F = Levels seen in this place.
 G = Mean time per level.
                   A        B        C        D        E       F      G
               +--------+--------+--------+--------+--------+-----+--------+
         Total |   3396 |   3284 |    112 |    194 |   2554 |   3 | 1132.0 |
       Dungeon |   3396 |   3284 |    112 |    194 |   2554 |   3 | 1132.0 |
               +--------+--------+--------+--------+--------+-----+--------+

Top non-repeatable levels by time:
     D:2: 1765 daAuts
     D:1: 1104 daAuts
     D:3: 526 daAuts
